 Dungeon Sprint DCSS version 0.20.1-1-g8b1a95d (console) character file.

1490 bli the Fighter (level 8, -2/83 HPs)
             Began as a White Draconian Fighter on Aug 8, 2017.
             Was a High Priest of Uskayaw.
             Slain by a demonic crawler (13 damage)
             ... in the Dungeon (Sprint I: "Red Sonja").
             The game lasted 00:06:38 (704 turns).

bli the Fighter (White Draconian Fighter)            Turns: 704, Time: 00:06:40

Health: -2/83      AC:  6    Str: 19    XL:     8   Next: 51%
Magic:  5/8        EV: 15    Int:  9    God:    Uskayaw [*****.]
Gold:   213        SH: 11    Dex: 12    Spells: 7/7 levels left

rFire    . . .     SeeInvis .   a - +2 scimitar (holy)
rCold    + . .     Gourm    .   f - +0 shield
rNeg     . . .     Faith    .   (armour unavailable)
rPois    .         Spirit   .   (helmet restricted)
rElec    .         Reflect  .   (no cloak)
rCorr    .         Harm     .   (no gloves)
MR       .....     NoTele   +   (no boots)
Stlth    ++........             (no amulet)
Regen    0.3/turn               (no ring)
MPRegen  0.2/turn               (no ring)

@: no status effects
A: breathe frost, unfitting armour, cold resistance 1, cold-blooded, AC +6
a: Breathe Frost, Stomp, Line Pass, Grand Finale, Renounce Religion


You were in the Dungeon.
You worshipped Uskayaw.
Uskayaw was noncommittal.
You were not hungry.

You visited 1 branch You collected 405 gold pieces.
You spent 192 gold pieces at shops.

Inventory:

Hand Weapons
 a - a +2 scimitar of holy wrath (weapon)
 b - a +0 long sword
Missiles
 i - 5 stones (quivered)
Armour
 f - a +0 shield (worn)
Scrolls
 j - a scroll of blinking
Potions
 e - a potion of mutation {unknown}
 g - a potion of haste
 h - 2 potions of magic
Comestibles
 d - a bread ration


   Skills:
 * Level 12.1 Fighting
 * Level 9.4 Long Blades
 * Level 8.0 Dodging
 + Level 3.8 Stealth
 + Level 9.5 Shields


You had 7 spell levels left.
You didn't know any spells.

Dungeon Overview and Level Annotations

Branches:
Dungeon (1/1)

Altars:
Cheibriados
Dithmenos
Elyvilon
Fedhas
Gozag
Hepliaklqana
Kikubaaqudgha
Makhleb
Nemelex Xobeh
Okawaru
Qazlal
Ru
Sif Muna
Trog
Uskayaw
Vehumet
Xom
Yredelemnul
Zin
The Shining One
Jiyva
Lugonu

Shops:
D *


Innate Abilities, Weirdness & Mutations

You can breathe waves of freezing cold.
You can buffet flying creatures when you breathe cold.
Your icy white scales are hard. (AC +6)
You cannot fit into any form of body armour.
Your flesh is cold resistant. (rC+)
You are cold-blooded and may be slowed by cold attacks.


Message History

The demonic crawler hits you. The demonic crawler hits you!
* * * LOW HITPOINT WARNING * * *
The demonic crawler hits you.
* * * LOW HITPOINT WARNING * * *
You can now merge with and destroy a victim.
You don't have enough magic at the moment.
The demonic crawler completely misses you.
You block the demonic crawler's attack.
The demonic crawler hits you but does no damage.
You hit the demonic crawler but do no damage.
The demonic crawler is lightly wounded.
The demonic crawler misses you. x2; You block the demonic crawler's attack.
The demonic crawler misses you.
You riposte.
You hit the demonic crawler.
The demonic crawler convulses.
The demonic crawler is moderately wounded.
The demonic crawler hits you.
* * * LOW HITPOINT WARNING * * *
The demonic crawler closely misses you. The demonic crawler hits you.
* * * LOW HITPOINT WARNING * * *
You block the demonic crawler's attack. x2; The demonic crawler hits you!
You die...

####################
)..#..'..#__#..).s.#
#..').#..'..'.)#@s.##+#
##'#####'#__####.s†'..#
#..#...#.#### #####..+
####..##.# ##
___##'#..+ ∩...'..._#
.__##_.#+# ___###+#
####


You could see 3 demonic crawlers.

Vanquished Creatures
  2 kobold demonologists (D)
  A demonic crawler (D)
  A slime creature (D)
  Sigmund (D)
  A yak (D)
  A floating eye (D)
  An ogre (D)
  A jelly (D)
  Ijyb (D)
10 creatures vanquished.

Notes
Turn   | Place    | Note
-------+----------+-------------------------------------------
     0 | D        | bli the Draconian Fighter began the quest for the Orb.
     0 | D        | Reached XP level 1. HP: 19/19 MP: 1/1
     2 | D        | Noticed Ijyb
    21 | D        | Killed Ijyb
    21 | D        | Reached skill level 4 in Fighting
    21 | D        | Reached XP level 2. HP: 27/28 MP: 2/2
    28 | D        | Noticed an ogre
    30 | D        | HP: 1/28 [ogre/giant club (27)]
    32 | D        | Killed an ogre
    32 | D        | Reached skill level 6 in Fighting
    32 | D        | Reached XP level 3. HP: 2/38 MP: 3/3
    32 | D        | Reached XP level 4. HP: 2/45 MP: 4/4
   318 | D        | Noticed Sigmund
   331 | D        | Killed Sigmund
   331 | D        | Reached skill level 9 in Fighting
   331 | D        | Reached skill level 5 in Dodging
   331 | D        | Reached XP level 5. HP: 17/57 MP: 5/5
   331 | D        | Reached XP level 6. HP: 19/63 MP: 6/6
   346 | D        | Found a deep blue altar of Sif Muna.
   348 | D        | Found a radiant altar of Vehumet.
   360 | D        | Found Igothreo's General Store.
   360 | D        | Found an ancient bone altar of Kikubaaqudgha.
   360 | D        | Found a stormy altar of Qazlal.
   360 | D        | Found a blossoming altar of Fedhas.
   360 | D        | Found a bloodstained altar of Trog.
   360 | D        | Found an iron altar of Okawaru.
   360 | D        | Found a glowing golden altar of the Shining One.
   360 | D        | Found a glowing silver altar of Zin.
   360 | D        | Found a white marble altar of Elyvilon.
   360 | D        | Noticed a yak
   361 | D        | Found a hazy altar of Hepliaklqana.
   361 | D        | Found a hide-covered altar of Uskayaw.
   361 | D        | Found a basalt altar of Yredelemnul.
   361 | D        | Found an opulent altar of Gozag.
   361 | D        | Found a snail-covered altar of Cheibriados.
   361 | D        | Found a sacrificial altar of Ru.
   361 | D        | Found a shadowy altar of Dithmenos.
   364 | D        | Killed a yak
   364 | D        | Reached skill level 10 in Fighting
   364 | D        | Reached skill level 5 in Long Blades
   364 | D        | Reached skill level 1 in Stealth
   365 | D        | Found a sparkling altar of Nemelex Xobeh.
   387 | D        | Became a worshipper of Uskayaw the Reveler
   413 | D        | Bought a +2 scimitar of holy wrath for 192 gold pieces
   426 | D        | Found a viscous altar of Jiyva.
   426 | D        | Found a corrupted altar of Lugonu.
   426 | D        | Noticed a slime creature
   427 | D        | Found a burning altar of Makhleb.
   427 | D        | Found a shimmering altar of Xom.
   430 | D        | Reached * piety under Uskayaw
   433 | D        | Reached ** piety under Uskayaw
   434 | D        | Killed a slime creature
   434 | D        | Reached skill level 11 in Fighting
   434 | D        | Your scales start taking on an icy white colour.
   434 | D        | Reached XP level 7. HP: 23/74 MP: 7/7
   434 | D        | Gained mutation: Your flesh is cold resistant. (rC+) [White Draconian growth]
   673 | D        | Noticed a kobold demonologist
   674 | D        | Noticed a kobold demonologist
   683 | D        | Reached *** piety under Uskayaw
   684 | D        | Killed a kobold demonologist
   684 | D        | Reached XP level 8. HP: 79/83 MP: 8/8
   687 | D        | Reached **** piety under Uskayaw
   688 | D        | Noticed a hellwing
   689 | D        | Killed a kobold demonologist
   689 | D        | Reached ***** piety under Uskayaw
   697 | D        | Noticed a demonic crawler
   697 | D        | Noticed a demonic crawler
   697 | D        | Noticed a demonic crawler
   697 | D        | Noticed a demonic crawler
   702 | D        | Killed a demonic crawler
   702 | D        | Reached skill level 12 in Fighting
   704 | D        | Slain by a demonic crawler

Skill      XL: |  1  2  3  4  5  6  7  8 |
---------------+-------------------------+-----
Fighting       | 4 6 9 11 12 | 12.1
Dodging        | 3 4 5 6 7 8 |  8.0
Shields        | 4 6 8 9 |  9.5
Long Blades    | 3 6 7 9 |  9.4
Stealth        | 2 3 |  3.8

Action                   |  1- 3 |  4- 6 |  7- 9 || total
-------------------------+-------+-------+-------++-------
Melee: Long sword        |    19 |    13 |       ||    32
       Tailslap          |     5 |     6 |     4 ||    15
       Scimitar          |       |     6 |    18 ||    24
Invok: Stomp             |       |       |     1 ||     1
  Use: Potion            |     2 |     2 |       ||     4
 Stab: Sleeping          |       |     2 |       ||     2
       Paralysed         |       |       |     2 ||     2
Armor: Skin              |     8 |     2 |    13 ||    23
Dodge: Dodged            |     2 |     2 |    37 ||    41
Block: Shield            |     6 |     6 |    23 ||    35
       Rpst.: Scimitar   |       |     1 |     8 ||     9
